 Dungeon Sprint DCSS version 0.31-a0-845-g9abc20d24f (webtiles) character file.

Game seed: 14255576088753216455

46 sircluck the Ruffian (level 3, 0/58 HPs)
             Began as a Troll Berserker on Oct 2, 2023.
             Was a Priest of Trog.
             Slain by a gnoll sergeant
             ... wielding a +2 trident of flaming
              (5 damage)
             ... in the Dungeon (Sprint VII: "The Pits").
             The game lasted 00:00:36 (192 turns).

sircluck the Ruffian (Troll Berserker)               Turns: 192, Time: 00:00:37

Health: 0/58       AC:  4    Str: 27    XL:     3   Next: 46%
Magic:  2/2        EV: 10    Int:  3    God:    Trog [***...]
Gold:   0          SH:  0    Dex:  9    Spells: 2/2 levels left

rFire   . .          .
                       - Unarmed
rCold   . . .        (no shield)
rNeg    . . .        a - +0 animal skin
rPois   .            (helmet restricted)
rElec   .            (no cloak)
rCorr   .            (gloves unavailable)
SInv    .            (boots unavailable)
Will    .....        (no amulet) Stlth
                     (no ring)
HPRegen 1.09/turn    (no ring)
MPRegen 0.08/turn

%: no teleportation
@: berserking, very quick
A: large, unfitting armour, claws 3, regeneration 1, shaggy fur 1, tough skin 1
a: Renounce Religion, Berserk, Trog's Hand


You were in the Dungeon.
You worshipped Trog.
Trog was most pleased with you.
You visited 1 branch

Inventory:

Armour
 a - a +0 animal skin (worn)
Scrolls
 g - a scroll of blinking
 i - 2 scrolls of vulnerability
 j - a scroll of summoning
Potions
 b - 6 potions of curing
 c - 6 potions of heal wounds
 d - a potion of haste
 e - 4 potions of magic
 f - 3 potions of berserk rage
 h - 2 potions of invisibility


   Skills:
 + Level 4.1 Fighting
 + Level 4.1 Dodging
 + Level 4.9 Unarmed Combat


You had 2 spell levels left.
You didn't know any spells.
Your spell library was empty.

Dungeon Overview and Level Annotations

Branches:
Dungeon (1/1)

Altars:
Ashenzari
Cheibriados
Dithmenos
Elyvilon
Fedhas
Gozag
Hepliaklqana
Kikubaaqudgha
Makhleb
Nemelex Xobeh
Okawaru
Qazlal
Ru
Sif Muna
Trog
Uskayaw
Vehumet
Wu Jian
Xom
Yredelemnul
Zin
The Shining One
Jiyva
Lugonu


Innate Abilities, Weirdness & Mutations

You are too large for most types of armour.
You have claws for hands.
Your natural rate of healing is unusually fast.
You are covered in fur. (AC +1)
You have tough skin. (AC +1)


Message History

You see here a bat corpse.
There is an open door here.
You see here a giant cockroach corpse.
There is an open door, spattered with blood here.
You open the door.
There is an open door here.
You open the door.
A gnoll sergeant and a gnoll come into view.
The gnoll sergeant is wielding a +2 trident of flaming.
The gnoll sergeant shouts!
You hear a shout!
A necrophage comes into view.
An orc wizard comes into view. It is wielding a +0 dagger.
An orc warrior comes into view. It is wielding a +0 glaive.
An iguana comes into view.
The gnoll moves out of view.
Unknown command.
Unknown command.
You close the door.
A gnoll sergeant opens the door.
Okay, then.
A gnoll comes into view. It is wielding a +0 club.
The gnoll sergeant hits you with a +2 trident of flaming.
The gnoll sergeant burns you.
You scratch the gnoll sergeant.
The gnoll sergeant is lightly wounded.
The gnoll sergeant hits you with a +2 trident of flaming!
The gnoll sergeant burns you.
You closely miss the gnoll sergeant.
The gnoll sergeant is lightly wounded.
An orc comes into view. It is wielding a +0 mace.
The gnoll sergeant barely misses you.
A red film seems to cover your vision as you go berserk!
You feel yourself moving faster!
You feel mighty!
The orc shouts!
You hear an angry growl.
The orc warrior hits you from afar with a +0 glaive!
* * * LOW HITPOINT WARNING * * *
The gnoll sergeant hits you with a +2 trident of flaming!
* * * LOW HITPOINT WARNING * * *
The gnoll sergeant burns you.
You die...

#_______...#######
##########'##.....
#.?(.')))'.##.....
##########.##.....
#...........'.....
#'#####'#####.....
#.#[[#.....##.....
#.#))#####†#####'#
#@#))#.....##.....
#g#))#.†.†.##.....
#o#..###'####.....
#g##'#.†)..##...<.
#.#........##.....
#l#........##.....
#o###########.....
#.. ###### #...


You could see an orc warrior, a gnoll sergeant, an iguana, a gnoll and an orc.

Vanquished Creatures
  A jelly (D)
  A river rat (D)
  An orc (D)
  An endoplasm (D)
  A giant cockroach (D)
  A quokka (D)
  A ball python (D)
  2 bats (D)
9 creatures vanquished.

Notes
Turn   | Place    | Note
-------+----------+-------------------------------------------
     0 | D        | sircluck the Troll Berserker began the quest for the Orb.
     0 | D        | Reached XP level 1. HP: 22/22 MP: 0/0
    41 | D        | Found a bloodstained altar of Trog.
    41 | D        | Found a shimmering blue altar of Sif Muna.
    41 | D        | Found a viscous altar of Jiyva.
    41 | D        | Found a hazy altar of Hepliaklqana.
    41 | D        | Found an opulent altar of Gozag.
    42 | D        | Found a glowing golden altar of the Shining One.
    42 | D        | Found a glowing silver altar of Zin.
    42 | D        | Found a basalt altar of Yredelemnul.
    42 | D        | Found a shimmering altar of Xom.
    42 | D        | Found an ornate altar of the Wu Jian Council.
    42 | D        | Found a sacrificial altar of Ru.
    42 | D        | Found a stormy altar of Qazlal.
    42 | D        | Found an iron altar of Okawaru.
    42 | D        | Found a sparkling altar of Nemelex Xobeh.
    42 | D        | Found a burning altar of Makhleb.
    42 | D        | Found a blossoming altar of Fedhas.
    42 | D        | Found a white marble altar of Elyvilon.
    42 | D        | Found a shadowy altar of Dithmenos.
    42 | D        | Found a snail-covered altar of Cheibriados.
    46 | D        | Found a corrupted altar of Lugonu.
    46 | D        | Found a radiant altar of Vehumet.
    47 | D        | Found a broken altar of Ashenzari.
    47 | D        | Found an ancient bone altar of Kikubaaqudgha.
    47 | D        | Found a hide-covered altar of Uskayaw.
    94 | D        | Reached ** piety under Trog
    95 | D        | Reached XP level 2. HP: 26/31 MP: 1/1
   115 | D        | Reached *** piety under Trog
   121 | D        | Reached XP level 3. HP: 7/39 MP: 2/2
   178 | D        | Noticed a gnoll sergeant
   178 | D        | Noticed a necrophage
   178 | D        | Noticed an orc warrior
   192 | D        | Slain by a gnoll sergeant

Illustrated notes

Levels and vault maps discovered:
D:        pitsprint [storerooms_1, entrance_room_1, metal_vault_8, armoury_3,
          mini_pit_1, grid_room_1, main_hall_1, silver_pit, the_coven_3,
          the_vestibule_1, steel_vault_4, golden_pit, hallway_of_sentries,
          crystal_vault_2, iron_vault_1, final_vault]

Skill      XL: |  1  2 |
---------------+-------+-----
Fighting       | 3 4 |  4.1
Dodging        | 3 4 |  4.1
Unarmed Combat | 4 |  4.9

Action                     || total
---------------------------++-------
  Melee: Unarmed           ||    27
 Invoke: Berserk           ||     1
   Stab: Sleeping          ||     1
 Armour: Animal skin       ||    20
  Dodge: Dodged            ||    13

Table legend: (Time is in decaauts)
 A = Elapsed time spent in this place.
 B = Non-inter-level travel time spent in this place.
 C = Inter-level travel time spent in this place.
 D = Time resting spent in this place.
 E = Time spent auto-exploring this place.
 F = Levels seen in this place.
 G = Mean time per level.
                   A        B        C        D        E       F      G
               +--------+--------+--------+--------+--------+-----+--------+
         Total |    189 |    189 |      0 |      0 |     64 |   1 |  189.0 |
       Dungeon |    189 |    189 |      0 |      0 |     64 |   1 |  189.0 |
               +--------+--------+--------+--------+--------+-----+--------+

Top non-repeatable levels by time:
       D: 189 daAuts
